 Dungeon Crawl Stone Soup version 0.29.1-4-g47bece8355 (webtiles) character file.

Game seed: 4631079132449237639

259 Hiippo the Trooper (level 6, -6/51 HPs)
             Began as a Formicid Fighter on Dec 5, 2022.
             Mangled by an orc
             ... wielding a +0 flail
              (8 damage)
             ... on level 3 of the Dungeon on Dec 6, 2022.
             The game lasted 00:14:06 (3264 turns).

Hiippo the Trooper (Formicid Fighter)               Turns: 3264, Time: 00:14:07

Health: -6/51      AC: 14    Str: 20 (22) XL:     6   Next: 40%
Magic:  6/6        EV:  5    Int:  5 (8)  God:
Gold:   179        SH:  5    Dex: 12 (13) Spells: 5/5 levels left

rFire   . . .      SeeInvis +   r - +5 whip of Doors {freeze, rPois Stlth+}
rCold   + . .      Faith    .   c - +0 buckler
rNeg    . . .      Spirit   .   u - +0 plate armour
rPois   +          Reflect  .   (helmet unavailable)
rElec   .          Harm     .   (no cloak)
rCorr   .          Rampage  .   h - +2 pair of gloves
Will    .....                   (no boots)
Stlth   ..........              (no amulet)
HPRegen 0.17/turn               i - ring of protection from cold
MPRegen 0.10/turn               (no ring)

@: mighty
A: permanent stasis, dig shafts and tunnels, antennae 3, four strong arms
a: Dig, Shaft Self


You were on level 3 of the Dungeon.
You visited 1 branch of the dungeon, and saw 3 of its levels.

You collected 179 gold pieces.

Inventory:

Hand Weapons
 a - a +1 flail
 r - the +5 whip of Doors (weapon) {freeze, rPois Stlth+}
   (You found it on level 2 of the Dungeon)

   It freezes those it strikes, dealing additional cold damage.
   It can also slow down cold-blooded creatures.
   rPois:     It protects you from poison.
   Stlth:     It makes you more stealthy.
Missiles
 j - 41 stones
 p - 6 boomerangs
Armour
 b - a +0 scale mail
 c - a +0 buckler (worn)
 h - a +2 pair of gloves (worn)
 n - the +1 ring mail of Goicyrax {Fly}
   (You found it on level 2 of the Dungeon)

   Fly:       It grants you flight.
 u - a +0 plate armour (worn)
Jewellery
 i - a ring of protection from cold (left hand)
Wands
 f - a wand of polymorph (8)
Scrolls
 e - a scroll of amnesia
 g - 2 scrolls of immolation
 k - a scroll of identify
 m - a scroll of blinking
 t - 2 scrolls of teleportation


   Skills:
 + Level 5.4 Fighting
 + Level 4.3 Maces & Flails
 - Level 3.7 Armour
 - Level 4.5 Shields


You had 5 spell levels left.
You didn't know any spells.
Your spell library contained the following spells:

 Spells                   Type           Power      Damage    Failure   Level
 Freeze                   Ice            0%         1d3       100%        1
 Static Discharge         Conj/Air       0%         3-3/arc   100%        2
 Frozen Ramparts          Ice            0%         1d1       100%        3
 Ozocubu's Armour         Ice            0%         N/A       100%        3
 Dispel Undead            Necr           0%         3d6       100%        4
 Hailstorm                Conj/Ice       0%         3d3       100%        4
 Sticky Flame             Conj/Fire      0%         2d3       100%        4
 Metabolic Englaciation   Hex/Ice        0%         N/A       100%        5
 Simulacrum               Ice/Necr       0%         N/A       100%        6


Dungeon Overview and Level Annotations

Branches:
Dungeon (3/15)

Altars:
The Shining One

Shops:
D:1 (::


Innate Abilities, Weirdness & Mutations

You cannot be hasted, slowed, berserked, paralysed or teleported.
You can dig through walls and to a lower floor.
You have a pair of large antennae on your head. (SInv)
Your four strong arms can wield two-handed weapons with a shield.


Message History

* * * LOW HITPOINT WARNING * * *
The orc hits you but does no damage.
You completely miss the orc.
The orc priest hits you but does no damage.
You block the orc's attack.
You barely miss the orc.
The orc priest hits you but does no damage.
The orc hits you but does no damage.
You hit the orc. You freeze the orc.
You kill the orc!
The orc wizard hits you but does no damage.
The orc priest hits you but does no damage.
The orc wizard attacks as you move away!
The orc wizard hits you but does no damage.
The orc priest attacks as you move away!
The orc priest hits you but does no damage.
The orc priest attacks as you move away!
You block the orc priest's attack.
The orc wizard casts a spell.
The orc wizard flickers and vanishes for a moment.
The orc priest attacks as you move away!
The orc priest hits you but does no damage.
It was a potion of degeneration.
There was something very wrong with that liquid.
You feel weakened.
You feel dopey.
You feel clumsy.
The orc priest begins to cast a cantrip, but forgets the words!
You feel very mighty all of a sudden.
The orc priest hits you with a +0 flail.
* * * LOW HITPOINT WARNING * * *
You whack the orc priest! You freeze the orc priest.
You kill the orc priest!
You whack the orc wizard! You freeze the orc wizard.
You kill the orc wizard!
You feel your strength returning.
You thrash the orc!! You freeze the orc.
You kill the orc!
You closely miss the orc. The orc hits you with a +0 flail.
* * * LOW HITPOINT WARNING * * *
You barely miss the orc. The orc hits you with a +0 flail!
You die...

##############
#################............#
#............@o............#.#
#.######.########.....#.##.#.#
#.# #.# ##........##.#># #.#
#.# #...o..........# #.# #.#
##..[....)##.#.# #.# ###.#
##)..)..#.##.#.# ####.# #...#
####..#[.<......#.# ...<.#
#.### #[....[..###.####.#
####.# #.# #)#####...........#


You could see an orc.

Vanquished Creatures
  A killer bee (D:3)
  An orc priest (D:3)
  Terence (D:3)
  2 orc wizards (D:3)
  An adder (D:2)
  A worm (D:3)
  A dart slug (D:2)
  15 orcs (D:3)
  9 ball pythons
  8 endoplasms
  2 giant cockroaches (D:2)
  6 goblins
  3 hobgoblins
  A jackal (D:1)
  5 quokkas
  8 bats
  4 frilled lizards
  7 kobolds
  5 rats
81 creatures vanquished.

Notes
Turn   | Place    | Note
-------+----------+-------------------------------------------
     0 | D:1      | Hiippo the Formicid Fighter began the quest for the Orb.
     0 | D:1      | Reached XP level 1. HP: 18/18 MP: 1/1
    71 | D:1      | Reached XP level 2. HP: 24/24 MP: 2/2
   338 | D:1      | Found Puimom's Book Shoppe.
   342 | D:1      | Reached XP level 3. HP: 29/29 MP: 3/3
   462 | D:1      | Found Nif Duaj's Book Emporium.
   564 | D:1      | Found Devul's Weapon Boutique.
   738 | D:2      | Identified the +1 ring mail of Goicyrax {Fly}
   986 | D:2      | Found a glowing golden altar of the Shining One.
  1115 | D:2      | Reached XP level 4. HP: 37/37 MP: 4/4
  1162 | D:2      | Identified the +5 whip of Doors {freeze, rPois Stlth+}
  1457 | D:2      | Reached skill level 4 in Fighting
  1747 | D:3      | Reached XP level 5. HP: 40/43 MP: 5/5
  1883 | D:3      | Noticed Terence
  2987 | D:3      | Killed Terence
  2988 | D:3      | Reached skill level 5 in Fighting
  2988 | D:3      | Reached XP level 6. HP: 29/51 MP: 6/6
  3263 | D:3      | HP: 2/51 [orc/+0 flail (6)]
  3264 | D:3      | Mangled by an orc

Illustrated notes

Levels and vault maps discovered:
D:1:      dpeg_arrival_pits, layout_rooms, serial_shops, nicolae_shop_crystal,
          nicolae_shop_bloodbath_and_beyond, shop, kennysheep_minor_cross,
          minmay_split_cup_large
D:2:      minmay_chambers_of_twos, layout_loops_ring, basic_altar
D:3:      layout_loops_ring, lightli_temple_of_fire, tso_altar,
          gammafunk_temple_overflow_forgotten, minmay_tree_intersection,
          uniq_terence

Skill      XL: |  1  2  3  4  5 |
---------------+----------------+-----
Fighting       | 4 5 |  5.4
Maces & Flails | 3 4 |  4.3
Armour         | |  3.7
Shields        | |  4.5

Action                   |  1- 3 |  4- 6 || total
-------------------------+-------+-------++-------
Melee: Flail             |   104 |       ||   104
       Whip              |       |   125 ||   125
Evoke: Wand              |       |     6 ||     6
  Use: Scroll            |       |     6 ||     6
       Potion            |       |     5 ||     5
 Stab: Sleeping          |       |     2 ||     2
Armor: Scale mail        |    44 |       ||    44
       Ring mail         |    11 |    44 ||    55
       Plate armour      |       |    11 ||    11
Dodge: Dodged            |    39 |    50 ||    89
Block: Buckler           |    30 |    29 ||    59
